 Dungeon Crawl Stone Soup version 0.21.1-1-g345015f (webtiles) character file.

156 sking99 the Shield-Bearer (level 5, 9/33 HPs)
             Began as a Gargoyle Fighter on June 13, 2018.
             Starved to death
             ... on level 2 of the Dungeon.
             The game lasted 00:12:47 (1786 turns).

sking99 the Shield-Bearer (Gargoyle Fighter)        Turns: 1786, Time: 00:12:48

Health: 9/33       AC: 11    Str: 21    XL:     5   Next: 38%
Magic:  5/5        EV:  7    Int:  8    God:
Gold:   64         SH:  9    Dex:  9    Spells: 4/4 levels left

rFire    . . .     SeeInvis .   a - +0 flail
rCold    . . .     Gourm    .   c - +0 shield
rNeg     + . .     Faith    .   b - +0 scale mail
rPois    ∞         Spirit   .   (no helmet)
rElec    +         Reflect  .   (no cloak)
rCorr    .         Harm     .   (no gloves)
MR       .....                  (no boots)
Stlth    ..........             (no amulet)
HPRegen  0.11/turn              (no ring)
MPRegen  0.09/turn              (no ring)

@: fainting
A: negative energy resistance 1, electricity resistance, unbreathing,
petrification resistance, rot immunity, AC +4
a: no special abilities


You were on level 2 of the Dungeon.
You were fainting.

You visited 1 branch of the dungeon, and saw 2 of its levels.

You collected 64 gold pieces.

Inventory:

Hand Weapons
 a - a +0 flail (weapon)
 k - a cursed +0 hunting sling
Armour
 b - a +0 scale mail (worn)
 c - a +0 shield (worn)
Scrolls
 g - 2 scrolls of remove curse {unknown}
 i - 3 scrolls of amnesia {unknown}
 j - 3 scrolls of identify {unknown}
Potions
 e - a potion of ambrosia
 h - a potion of agility {unknown}
 l - 2 potions of lignification {unknown}


   Skills:
 + Level 3.9 Fighting
 + Level 3.7 Maces & Flails
 + Level 4.1 Armour
 - Level 0.2 Dodging
 + Level 0.3 Stealth
 + Level 4.1 Shields


You had 4 spell levels left.
You didn't know any spells.

Dungeon Overview and Level Annotations

Branches:
Dungeon (2/15)

Altars:
Ashenzari
Dithmenos
Nemelex Xobeh
Ru
Uskayaw


Innate Abilities, Weirdness & Mutations

You are resistant to torment.
Your stone body is resilient. (AC +4)
You are immune to poison.
You resist negative energy. (rN+)
You are resistant to electric shocks. (rElec)
You can survive without breathing.
You are immune to petrification.
You are immune to rotting.


Message History

The phantom blinks!
The hungry ghost hits you.
You feel slightly more hungry. The hungry ghost hits you.
You feel slightly more hungry.
You sock the hungry ghost!
The hungry ghost is severely damaged.
The hungry ghost hits you.
You feel slightly more hungry.
You closely miss the hungry ghost.
The hungry ghost is severely damaged.
The hungry ghost hits you.
You feel slightly more hungry.
You closely miss the hungry ghost.
The hungry ghost is severely damaged.
You block the hungry ghost's attack. The hungry ghost hits you.
* * * LOW HITPOINT WARNING * * *
You feel slightly more hungry.
You closely miss the hungry ghost.
The hungry ghost is severely damaged.
The hungry ghost hits you.
You closely miss the hungry ghost.
The hungry ghost is severely damaged.
You have starved to death.
You die...

.$.#..#..........#
.$_#©.....###.#..#
.).#..........#..#
.$$#..#########..#
..8#.............#
..##.###########W#
###..# #.# .....#
#W# ####.#### #@#
........# #.#
.###.##.########.#
.................#
..#####.##########
......#.#
..#.###.# #'#.#
#.# ....###.#


You could see a phantom and a hungry ghost.

Vanquished Creatures
  A bullfrog (D:2)
  A hound (D:2)
  2 adders (D:2)
  2 oozes
  A worm (D:2)
  2 dart slugs (D:1)
  5 bats
  4 giant cockroaches
  6 hobgoblins
  2 quokkas (D:2)
  4 frilled lizards (D:1)
  2 goblins (D:1)
  2 kobolds (D:1)
  2 rats (D:2)
36 creatures vanquished.

Notes
Turn   | Place    | Note
-------+----------+-------------------------------------------
     0 | D:1      | sking99 the Gargoyle Fighter began the quest for the Orb.
     0 | D:1      | Reached XP level 1. HP: 14/14 MP: 1/1
   199 | D:1      | Reached XP level 2. HP: 19/19 MP: 2/2
   576 | D:1      | Reached XP level 3. HP: 23/23 MP: 3/3
   766 | D:2      | Found a hide-covered altar of Uskayaw.
   895 | D:2      | Found a sparkling altar of Nemelex Xobeh.
  1032 | D:2      | Noticed a hungry ghost
  1032 | D:2      | Noticed a bullfrog
  1033 | D:2      | Found a sacrificial altar of Ru.
  1033 | D:2      | Found a transporter.
  1034 | D:2      | Noticed a phantom
  1042 | D:2      | Found a transporter.
  1048 | D:2      | Found a shattered altar of Ashenzari.
  1247 | D:2      | Found a shadowy altar of Dithmenos.
  1451 | D:2      | Reached XP level 4. HP: 28/28 MP: 4/4
  1587 | D:2      | Killed a bullfrog
  1587 | D:2      | Reached XP level 5. HP: 27/33 MP: 5/5
  1762 | D:2      | Paralysed by fainting for 12 turns
  1786 | D:2      | Starved to death

Skill      XL: |  1  2  3  4 |
---------------+-------------+-----
Maces & Flails | 3 |  3.7
Armour         | 4 |  4.1
Shields        | 4 |  4.1
Fighting       | |  3.9
Dodging        | |  0.2
Stealth        | |  0.3

Action                   |  1- 3 |  4- 6 || total
-------------------------+-------+-------++-------
Melee: Flail             |   112 |    62 ||   174
  Use: Potion            |       |     2 ||     2
  Eat: Chunk             |     2 |       ||     2
       Ration            |       |     2 ||     2
Armor: Scale mail        |    48 |    81 ||   129
Dodge: Dodged            |    41 |    36 ||    77
Block: Shield            |    59 |    43 ||   102
